[Event "45th FIDE Olympiad 2024"]
[Site "Budapest"]
[Date "2024.09.14"]
[Round "4.74"]
[White "Petrov, Martin"]
[Black "Olson, Hamish"]
[Result "1-0"]
[ECO "C54"]
[WhiteElo "2536"]
[BlackElo "2384"]
[Annotator "ChessBase"]
[PlyCount "83"]
[EventDate "2024.09.05"]
[EventType "team-tourn"]
[EventCountry "HUN"]
[SourceTitle "playchess.com"]
[Source "ChessBase"]
[SourceQuality "1"]
[WhiteTeam "Bulgaria"]
[BlackTeam "Scotland"]
[WhiteTeamCountry "BUL"]
[BlackTeamCountry "SCO"]
[TimeControl "40/5400+30:1800+30"]

1. e4 e5 2. Nf3 Nc6 3. Bc4 Nf6 4. d3 Bc5 5. O-O d6 6. c3 a6 7. a4 Ba7 8. Re1 O-O 9. h3 b5 10. Ba2 h6 11. Nbd2 b4 12. Nf1 bxc3 13. bxc3 Re8 14. Ng3 Ne7 15. d4 Nc6 16. Be3 exd4 17. cxd4 d5 18. e5 Ne4 19. Nxe4 dxe4 20. Qc2 Nxd4 21. Nxd4 Bxd4 22. Rad1 c5 23. Qxe4 Be6 24. Bxe6 Rxe6 25. Bxd4 cxd4 26. Rxd4 Qf8 27. f4 Rae8 28. Kh2 f6 29. Rd5 fxe5 30. Rxe5 Rxe5 31. fxe5 Re6 32. Rd1 Qe8 33. Rd5 Qg6 34. Qf4 Qh5 35. Rc5 Kh7 36. a5 Kh8 37. Qf8+ Kh7 38. g4 Qg5 39. Qf5+ Rg6 40. Qe4 h5 41. Rc6 hxg4 42. Qxg6+ 1-0

[Event "45th FIDE Olympiad 2024"]
[Site "Budapest"]
[Date "2024.09.14"]
[Round "4.74"]
[White "Bongo Akanga Ndjila, Barthelemy"]
[Black "Osunfuyi, Abimbola"]
[Result "0-1"]
[ECO "D51"]
[WhiteElo "1894"]
[BlackElo "2164"]
[PlyCount "80"]
[EventDate "2024.09.05"]
[EventType "team-tourn"]
[EventCountry "HUN"]
[WhiteTeam "Gabon"]
[BlackTeam "Nigeria"]
[WhiteTeamCountry "GAB"]
[BlackTeamCountry "NGR"]
[TimeControl "40/5400+30:1800+30"]

1. d4 d5 2. c4 e6 3. Nc3 Nf6 4. Bg5 Bb4 5. e3 Nbd7 6. a3 Bxc3+ 7. bxc3 O-O 8. Nf3 c5 9. cxd5 exd5 10. Bd3 Qa5 11. O-O c4 12. Bc2 Qxc3 13. Ne5 Nxe5 14. Bxf6 Nd3 15. Bh4 Bf5 16. Ra2 Qa5 17. Bb1 Rfe8 18. Qf3 Bg6 19. Rd1 Rac8 20. Qh3 Qa4 21. Bc2 Qc6 22. f4 Be4 23. f5 f6 24. g4 b5 25. Bxd3 Bxd3 26. g5 fxg5 27. Bxg5 Qd7 28. Rf2 Rf8 29. Qg3 Rxf5 30. Bf4 Rcf8 31. Qg4 R8f6 32. Rg2 Rg6 33. Qh3 Rxg2+ 34. Qxg2 Rf6 35. Kf2 Be4 36. Qg3 Rg6 37. Qh4 Rg2+ 38. Kf1 h6 39. Qh5 c3 40. Qe5 Qh3 {0-} 0-1

[Event "45th FIDE Olympiad 2024"]
[Site "Budapest"]
[Date "2024.09.14"]
[Round "4.75"]
[White "Waldhausen Gordon, Frederick"]
[Black "Petkov, Momchil"]
[Result "1/2-1/2"]
[ECO "E92"]
[WhiteElo "2351"]
[BlackElo "2540"]
[Annotator "ChessBase"]
[PlyCount "81"]
[EventDate "2024.09.05"]
[EventType "team-tourn"]
[EventCountry "HUN"]
[SourceTitle "playchess.com"]
[Source "ChessBase"]
[SourceQuality "1"]
[WhiteTeam "Scotland"]
[BlackTeam "Bulgaria"]
[WhiteTeamCountry "SCO"]
[BlackTeamCountry "BUL"]
[TimeControl "40/5400+30:1800+30"]

1. c4 Nf6 2. Nf3 g6 3. Nc3 Bg7 4. e4 d6 5. d4 O-O 6. Be2 e5 7. dxe5 dxe5 8. Qxd8 Rxd8 9. Bg5 Re8 10. Nd5 Nxd5 11. cxd5 c6 12. dxc6 Nxc6 13. O-O f5 14. Bc4+ Be6 15. Bxe6+ Rxe6 16. Be3 Bf6 17. Rfd1 f4 18. Bc5 g5 19. h3 b6 20. Ba3 Nd4 21. Kf1 Rc8 22. Rac1 Rxc1 23. Rxc1 Rc6 24. Rxc6 Nxc6 25. Ke2 Kf7 26. Kd3 b5 27. Bc5 h6 28. Bd6 a6 29. Kc3 h5 30. g4 hxg4 31. hxg4 Ke6 32. Bc5 Bd8 33. Kd3 Kf6 34. a3 Be7 35. Bxe7+ Nxe7 36. Kc3 Nc6 37. b3 Kg6 38. Ne1 Kf6 39. Nf3 Kg6 40. Ne1 Kf6 41. Nf3 1/2-1/2

[Event "45th FIDE Olympiad 2024"]
[Site "Budapest"]
[Date "2024.09.14"]
[Round "4.76"]
[White "Grigorov, Grigor"]
[Black "Gourlay, Iain"]
[Result "1/2-1/2"]
[ECO "A13"]
[WhiteElo "2514"]
[BlackElo "2296"]
[Annotator "ChessBase"]
[PlyCount "65"]
[EventDate "2024.09.05"]
[EventType "team-tourn"]
[EventCountry "HUN"]
[SourceTitle "playchess.com"]
[Source "ChessBase"]
[SourceQuality "1"]
[WhiteTeam "Bulgaria"]
[BlackTeam "Scotland"]
[WhiteTeamCountry "BUL"]
[BlackTeamCountry "SCO"]
[TimeControl "40/5400+30:1800+30"]

1. Nf3 d5 2. g3 e6 3. Bg2 Nf6 4. c4 Bd6 5. d4 O-O 6. Bg5 h6 7. Bxf6 Qxf6 8. c5 Be7 9. Nc3 b6 10. e4 bxc5 11. exd5 Bb7 12. O-O Rd8 13. dxe6 fxe6 14. Re1 cxd4 15. Qb3 dxc3 16. Qxb7 Nd7 17. bxc3 Nc5 18. Qc6 Rab8 19. Rad1 Bd6 20. Nd4 Rb2 21. Re2 Rdb8 22. Rdd2 R2b6 23. Qf3 Rb1+ 24. Bf1 Qxf3 25. Nxf3 Rc1 26. Rc2 Rbb1 27. Rxc1 Rxc1 28. Nd4 Kf7 29. Kg2 e5 30. Nc6 e4 31. Nxa7 Rxc3 32. Nb5 Rc1 33. Rd2 1/2-1/2

[Event "45th FIDE Olympiad 2024"]
[Site "Budapest"]
[Date "2024.09.14"]
[Round "4.77"]
[White "Kozak, Adam"]
[Black "Tran, Thanh Tu"]
[Result "0-1"]
[ECO "E49"]
[WhiteElo "2609"]
[BlackElo "2387"]
[Annotator "TA"]
[PlyCount "132"]
[EventDate "2024.09.05"]
[EventType "team-tourn"]
[EventCountry "HUN"]
[SourceTitle "playchess.com"]
[Source "ChessBase"]
[SourceQuality "1"]
[WhiteTeam "Hungary B"]
[BlackTeam "Japan"]
[BlackTeamCountry "JPN"]
[TimeControl "40/5400+30:1800+30"]

1. d4 Nf6 2. c4 e6 3. Nc3 Bb4 4. e3 O-O 5. Bd3 d5 6. a3 Bxc3+ 7. bxc3 dxc4 8. Bxc4 c5 9. Ne2 Nbd7 10. O-O e5 11. Bb2 (11. Ba2 $14) 11... Qc7 (11... Nb6 $11 {feels stronger.} 12. Ba2 Be6) 12. Ba2 c4 13. a4 {White is slightly better.} b6 14. f3 a6 (14... e4 $11) 15. Bb1 Bb7 16. e4 b5 17. Qe1 Rfe8 18. Bc2 Bc6 19. a5 Rab8 20. d5 Bb7 21. Qd2 Bc8 22. Kh1 h6 23. Ng3 Nf8 24. Ba3 Ng6 25. Bb4 Nf4 ({Black should try} 25... h5) 26. Rad1 g5 27. Ne2 Ng6 28. Qe3 Bd7 29. Rf2 Kh7 30. Qd2 Qa7 31. Ng3 Rg8 32. Nf1 Nf4 33. Ne3 Rbe8 {Wards off Be7} 34. g3 Nh3 35. Rg2 (35. Rff1 $16) 35... h5 36. Rf1 Rg6 37. Nd1 h4 38. g4 Nf4 39. Rgf2 Qc7 40. Ne3 Rgg8 41. Qc1 Rc8 42. Re1 Ne8 43. Qa3 Rg6 {[#]} 44. d6 Qa7 $11 45. Rd2 Rc6 (45... Nf6 $11) 46. Nd5 Nf6 (46... Rgxd6 $14 47. Bxd6 (47. Red1 Be6 $11) 47... Rxd6) 47. Nb6 (47. Qa1 $16) 47... h3 (47... Be6 $11) 48. Bc5 {[%cal Od2d5] And now Rd5! would win.} Qb7 (48... Kh6 $14) 49. Kg1 (49. Nd5 $16) 49... Kh6 (49... Be6 $11 {keeps the balance.}) 50. Be3 (50. Nd5 $16) 50... Ne8 51. Red1 Rf6 52. Rf2 Kg7 (52... Rfxd6 $2 53. Rfd2 Qc7 54. Rxd6+ Rxd6 (54... Nxd6 $2 {is the wrong capture.} 55. Nd5 $18) 55. Rxd6+ Nxd6 56. Qc5 $18) 53. Nd5 Rfxd6 54. Rfd2 {[#]} (54. Bc5 $16) 54... Bxg4 55. fxg4 $16 Qd7 56. Rf1 $2 (56. Bxf4 $16 exf4 57. Kh1) 56... Qxg4+ $19 57. Kf2 Nxd5 $2 (57... Rxd5 58. exd5 Rf6) 58. exd5 Rf6+ 59. Ke1 Rxf1+ 60. Kxf1 Rf6+ $40 {[%mdl 128] Black attacks with force.} 61. Ke1 $2 (61. Rf2 Rxf2+ 62. Bxf2) 61... Qf3 62. Re2 Qh1+ ({Weaker is} 62... Qxd5 63. Qe7 Qh1+ 64. Kd2 Rd6+ 65. Bd4 exd4 66. Qxg5+ Kf8 67. Qe7+ Kg7 68. Qg5+ Kf8 69. Qe7+ Kg7 70. Qg5+ $11) 63. Kd2 {[#]} Rf1 $1 (63... Qxd5+ $2 {too greedy.} 64. Kc1 $18) 64. Bf2 Qxd5+ {Black mates.} 65. Ke3 Nf6 66. Bf5 {[#]} Ng4+ $1 {[%mdl 512] Weighted Error Value: White=0.31/Black=0.31.  Loses game:     	White=1     	---        Mistake:       	White=7     	Black=9      Inaccurate:     	White=3     	Black=2      OK:         	White=11    	Black=16     Best:        	White=3     	Black=3} 0-1

[Event "45th FIDE Olympiad 2024"]
[Site "Budapest"]
[Date "2024.09.14"]
[Round "4.77"]
[White "Kabamwanishi, Mashala"]
[Black "Ayyad, Husain"]
[Result "0-1"]
[ECO "C28"]
[WhiteElo "1914"]
[BlackElo "2129"]
[PlyCount "79"]
[EventDate "2024.09.05"]
[EventType "team-tourn"]
[EventCountry "HUN"]
[WhiteTeam "Democratic Republic of the Congo"]
[BlackTeam "Bahrain"]
[BlackTeamCountry "BRN"]
[TimeControl "40/5400+30:1800+30"]

1. e4 e5 2. Nc3 Nc6 3. Bc4 Nf6 4. d3 Na5 5. a3 Nxc4 6. dxc4 Bc5 7. Qd3 O-O 8. Be3 Bxe3 9. Qxe3 d6 10. Nge2 Be6 11. b3 Ng4 12. Qd3 f5 13. f3 Nh6 14. exf5 Nxf5 15. Ne4 Qe7 16. O-O c6 17. N2g3 Rad8 18. Nxf5 Bxf5 19. Qe3 d5 20. cxd5 cxd5 21. Nd2 d4 22. Qe2 d3 23. cxd3 Bxd3 24. Qe3 Bxf1 25. Kxf1 Qd7 26. Ke2 Qb5+ 27. Nc4 e4 28. Kf2 exf3 29. gxf3 Rde8 30. Qd3 Qc5+ 31. Kg2 b5 32. Nd2 Qg5+ 33. Kh1 Rd8 34. Ne4 Rxd3 35. Nxg5 Rxb3 36. Kg2 h6 37. Ne6 Rfxf3 38. Nd4 Rxa3 39. Rb1 Rfd3 40. Nxb5 {0-} 0-1

[Event "45th FIDE Olympiad 2024"]
[Site "Budapest"]
[Date "2024.09.14"]
[Round "4.78"]
[White "Nanjo, Ryosuke"]
[Black "Banusz, Tamas"]
[Result "0-1"]
[ECO "B30"]
[WhiteElo "2372"]
[BlackElo "2605"]
[Annotator "TA"]
[PlyCount "146"]
[EventDate "2024.09.05"]
[EventType "team-tourn"]
[EventCountry "HUN"]
[SourceTitle "playchess.com"]
[Source "ChessBase"]
[SourceQuality "1"]
[WhiteTeam "Japan"]
[BlackTeam "Hungary B"]
[WhiteTeamCountry "JPN"]
[TimeControl "40/5400+30:1800+30"]

1. e4 c5 2. Nf3 Nc6 3. Bb5 Nf6 4. Nc3 Nd4 5. e5 Nxb5 6. Nxb5 Nd5 7. Ng5 f6 $1 {7...f6 scores better than 7...f5.} 8. Qf3 {B30: Sicilian: 2...Nc6 3 Bb5, lines without ...g6.} Nc7 9. exf6 exf6 10. Qh5+ g6 11. Qe2+ Ne6 12. Nxe6 dxe6 13. b3 e5 $146 ({Predecessor:} 13... Bd7 14. Bb2 Kf7 15. O-O-O a6 16. Nc3 Bc6 17. Ne4 Be7 18. Rhe1 Qd5 19. f3 h5 {½-½ So,W (2770)-Carlsen,M (2863) Chess24 Banter Blitz Cup Final 2020 (4.8)}) 14. Bb2 Bh6 15. O-O-O O-O 16. h4 Be6 17. g4 Bf4 18. g5 a6 19. Nc3 fxg5 20. hxg5 Qxg5 21. Rdg1 Qe7 22. Ne4 Rad8 23. Kb1 Bd5 24. d3 Rd7 25. Rh5 Rf7 26. Nd2 Rd6 27. Ne4 Bxe4 28. Qxe4 Re6 29. Rh3 Qd7 30. Rh4 Qc6 31. Qe2 Rf5 32. Rgh1 h5 33. Rg1 Kf7 34. Bc3 b5 35. a3 Qd5 (35... e4 $1 $19 36. dxe4 Rxe4 (36... Qxe4 $2 37. Qd1 $19)) 36. f3 $17 {[#]} b4 ({Better is} 36... Re8 $1 $17 37. Qf2 (37. Qg2 Re6) 37... Re7) 37. axb4 $15 cxb4 38. Bxb4 a5 39. Ba3 Rb6 40. Qe4 Qxe4 41. dxe4 Rff6 42. Rd1 Bg3 43. Rd7+ Kg8 44. Rh1 ({But not} 44. Rd8+ Kg7 45. Rh3 Rxf3 $19) (44. Rh3 $1 $15 Rxf3 45. Be7) 44... Rxf3 $19 45. Ra7 {[#]} (45. Kb2 {is a better defense.}) 45... Rbf6 $1 $19 46. Ka2 Rf1 47. Ra8+ Kg7 48. Rh3 h4 49. Be7 R6f4 50. Rxa5 Rxe4 51. Ra4 Rff4 (51... Rxa4+ 52. bxa4 Rf4 53. a5 $19) 52. Rxe4 (52. c4 $142) 52... Rxe4 $19 53. Ka3 Kf7 54. Bd8 Rd4 55. Bg5 Ke6 56. b4 Kf5 57. Be7 g5 58. b5 g4 59. Rh1 h3 60. b6 e4 61. Rf1+ Ke6 62. Bf6 Bd6+ 63. Ka2 Ra4+ 64. Kb3 Rb4+ 65. Kc3 Rxb6 66. Bh4 g3 67. Bxg3 Bxg3 68. Kd4 Rb4+ 69. c4 Be5+ 70. Kxe4 Rxc4+ 71. Kf3 Rf4+ 72. Ke2 Rxf1 73. Kxf1 Bd4 0-1

[Event "45th FIDE Olympiad 2024"]
[Site "Budapest"]
[Date "2024.09.14"]
[Round "4.78"]
[White "Ayyad, Maher"]
[Black "Mimbasa Kutesa, Willy"]
[Result "1-0"]
[ECO "D07"]
[WhiteElo "1980"]
[BlackElo "1848"]
[PlyCount "103"]
[EventDate "2024.09.05"]
[EventType "team-tourn"]
[EventCountry "HUN"]
[WhiteTeam "Bahrain"]
[BlackTeam "Democratic Republic of the Congo"]
[WhiteTeamCountry "BRN"]
[TimeControl "40/5400+30:1800+30"]

1. d4 d5 2. Nf3 Nc6 3. c4 Bg4 4. cxd5 Bxf3 5. gxf3 Qxd5 6. e3 e6 7. Nc3 Bb4 8. Bd2 Bxc3 9. bxc3 Nge7 10. e4 Qh5 11. Bg2 O-O 12. O-O Ng6 13. f4 Qh4 14. Qf3 Qf6 15. Qg3 Na5 16. e5 Qf5 17. Rfc1 Nc4 18. Be3 Nb2 19. Bh3 Qe4 20. Qg2 Qxg2+ 21. Bxg2 Nd3 22. Rcb1 Ndxf4 23. Bxf4 Nxf4 24. Bxb7 Rab8 25. Bf3 Rb6 26. Rb3 Rfb8 27. Rab1 g5 28. Kf1 h5 29. Be4 Kf8 30. f3 Ke7 31. Kf2 Kd7 32. Ke3 a5 33. c4 a4 34. Rxb6 Rxb6 35. Rxb6 cxb6 36. a3 Ng2+ 37. Kf2 Nh4 38. Bc2 Nf5 39. Bxf5 exf5 40. f4 g4 41. Kg3 f6 42. Kh4 Ke7 43. Kxh5 Kf7 44. Kh6 fxe5 45. dxe5 b5 46. cxb5 Ke6 47. b6 Kd7 48. e6+ Kxe6 49. b7 Kd5 50. b8=Q Ke4 51. Qe5+ Kf3 52. Qxf5 1-0

[Event "45th FIDE Olympiad 2024"]
[Site "Budapest"]
[Date "2024.09.14"]
[Round "4.79"]
[White "Prohaszka, Peter"]
[Black "Aoshima, Mirai"]
[Result "1-0"]
[ECO "E10"]
[WhiteElo "2542"]
[BlackElo "2385"]
[Annotator "ChessBase"]
[PlyCount "51"]
[EventDate "2024.09.05"]
[EventType "team-tourn"]
[EventCountry "HUN"]
[SourceTitle "playchess.com"]
[Source "ChessBase"]
[SourceQuality "1"]
[WhiteTeam "Hungary B"]
[BlackTeam "Japan"]
[BlackTeamCountry "JPN"]
[TimeControl "40/5400+30:1800+30"]

1. d4 Nf6 2. c4 e6 3. Nf3 c5 4. d5 b5 5. e4 Nxe4 6. Bd3 Nf6 7. Nc3 bxc4 8. Bxc4 Ba6 9. Bxa6 Nxa6 10. Bg5 Qb6 11. O-O Qxb2 12. dxe6 fxe6 13. Ne5 Be7 14. Bxf6 gxf6 15. Qxd7+ Kf8 16. Qxe6 fxe5 17. Nd5 Re8 18. Rab1 Qc2 19. Nxe7 Rxe7 20. Qf6+ Ke8 21. Qxh8+ Kf7 22. f4 e4 23. Qxh7+ Kf8 24. Qh8+ Kf7 25. f5 e3 26. f6 1-0

[Event "45th FIDE Olympiad 2024"]
[Site "Budapest"]
[Date "2024.09.14"]
[Round "4.79"]
[White "Kasongo Kazadi Olivier"]
[Black "Monther, Alfardan"]
[Result "0-1"]
[ECO "D02"]
[WhiteElo "1794"]
[BlackElo "1834"]
[PlyCount "72"]
[EventDate "2024.09.05"]
[EventType "team-tourn"]
[EventCountry "HUN"]
[WhiteTeam "Democratic Republic of the Congo"]
[BlackTeam "Bahrain"]
[BlackTeamCountry "BRN"]
[TimeControl "40/5400+30:1800+30"]

1. d4 d5 2. Bf4 Nf6 3. e3 e6 4. Nf3 Bd6 5. Bg3 c5 6. c3 O-O 7. Bd3 Nc6 8. Nbd2 c4 9. Bc2 b5 10. a3 Qc7 11. Bh4 Be7 12. Qb1 h6 13. h3 Ne8 14. g4 Bxh4 15. Nxh4 e5 16. g5 hxg5 17. Nhf3 e4 18. Nxg5 f6 19. Ngxe4 dxe4 20. Bxe4 f5 21. Bf3 Nf6 22. d5 Ne5 23. d6 Nxf3+ 24. Nxf3 Qc6 25. Ke2 Qxd6 26. Nd4 Qe5 27. Nc6 Qd6 28. Nd4 Ne4 29. Qg1 f4 30. Rd1 fxe3 31. Nf5 Qf6 32. Nxe3 Qf3+ 33. Ke1 Nxf2 34. Qg5 Qxh1+ 35. Ke2 Qf3+ 36. Ke1 Nxd1 {0-} 0-1

[Event "45th FIDE Olympiad 2024"]
[Site "Budapest"]
[Date "2024.09.14"]
[Round "4.80"]
[White "Kojima, Shinya"]
[Black "Antal, Gergely"]
[Result "0-1"]
[ECO "D79"]
[WhiteElo "2299"]
[BlackElo "2544"]
[Annotator "ChessBase"]
[PlyCount "76"]
[EventDate "2024.09.05"]
[EventType "team-tourn"]
[EventCountry "HUN"]
[SourceTitle "playchess.com"]
[Source "ChessBase"]
[SourceQuality "1"]
[WhiteTeam "Japan"]
[BlackTeam "Hungary B"]
[WhiteTeamCountry "JPN"]
[TimeControl "40/5400+30:1800+30"]

1. d4 Nf6 2. c4 g6 3. Nf3 Bg7 4. g3 c6 5. Bg2 d5 6. cxd5 cxd5 7. Nc3 O-O 8. Ne5 Nc6 9. O-O Bf5 10. Nxc6 bxc6 11. Bf4 Nh5 12. Be3 c5 13. Bxd5 cxd4 14. Bxd4 Bxd4 15. Qxd4 e6 16. g4 Bxg4 17. Qxg4 Nf6 18. Qd4 Nxd5 19. Nxd5 exd5 20. Rfd1 Qg5+ 21. Kf1 Qh5 22. Qxd5 Qxh2 23. e3 Rae8 24. Ke2 Re5 25. Qh1 Qf4 26. Rac1 Qa4 27. Rd2 Qxa2 28. Qb7 Qe6 29. Rc7 a5 30. Rdd7 Rf5 31. Re7 Qf6 32. f3 Rh5 33. b3 Qb2+ 34. Kd3 Qb1+ 35. Kc3 Qc1+ 36. Kd3 Qd1+ 37. Kc3 Rh2 38. Rxf7 Rc2# 0-1

[Event "45th FIDE Olympiad 2024"]
[Site "Budapest"]
[Date "2024.09.14"]
[Round "4.81"]
[White "Zhakshylykov, Erzhan"]
[Black "Fedoseev, Vladimir"]
[Result "0-1"]
[ECO "D32"]
[WhiteElo "2327"]
[BlackElo "2692"]
[Annotator "TA"]
[PlyCount "52"]
[EventDate "2024.09.05"]
[EventType "team-tourn"]
[EventCountry "HUN"]
[SourceTitle "playchess.com"]
[Source "ChessBase"]
[SourceQuality "1"]
[WhiteTeam "Kyrgyzstan"]
[BlackTeam "Slovenia"]
[WhiteTeamCountry "KGZ"]
[BlackTeamCountry "SLO"]
[TimeControl "40/5400+30:1800+30"]

1. d4 d5 2. c4 e6 3. Nc3 Bb4 4. cxd5 exd5 5. Nf3 c5 6. Bd2 Nf6 7. dxc5 Bxc5 8. e3 Nc6 9. Be2 O-O 10. O-O a6 11. Rc1 Qd6 12. Qc2 Ba7 13. Rfd1 Be6 {The position is equal.} 14. Be1 Rac8 15. Qa4 Rfd8 16. Qh4 h6 17. Nd4 Nxd4 18. exd4 Re8 19. Bd3 Bg4 20. f3 Bxd4+ 21. Kh1 Be3 $1 $36 {[%mdl 2048] White is under strong pressure. Black is much more active.} 22. fxg4 $2 {Loses the game.} (22. Bd2 $17 Bxd2 23. Rxd2) 22... Bxc1 $19 23. Rxc1 {[#]} d4 $1 24. Bg3 $2 (24. Rd1 {was the only chance.} dxc3 25. Bxc3 (25. Bh7+ $2 Kxh7 26. Rxd6 c2 $19)) 24... Qb4 25. Rf1 dxc3 26. Rxf6 c2 {Weighted Error Value: White=0.93/Black=0.01 (flawless) .  Loses game:     	White=1     	---        Mistake:       	White=1     	---        Inaccurate:     	White=2     	---        OK:         	White=3     	Black=7      Best:        	White=1     	Black=1      Strong:       	---       	Black=2} (26... cxb2 $142 27. Rf1 Rc1 28. Qh5 Rxf1+ (28... b1=R 29. Qxf7+ Kh8 30. Qxe8+) 29. Bxf1 b1=Q (29... b1=B $2 30. Qd5 $19) 30. Qf5 Qxf5 (30... Qxa2 $2 31. h4 $19) 31. gxf5 Re1 32. Bxe1 Qxe1 33. Kg1 Qe3+ 34. Kh1 Qf2 35. h3 Qxf1+ 36. Kh2 Qxf5 (36... Qf4+ {gets mated.} 37. Kh1 Qf2 38. g4 b5 39. h4 b4 40. h5 Qxa2 41. g5 b3 42. Kg1 Qe2 43. gxh6 b2 44. h7+ Kxh7 45. Kh1 b1=Q#) 37. h4 Qf2 38. h5 f5 (38... Qxa2 {leads to mate.} 39. Kg3 b5 40. Kf4 Qxg2 41. Ke3 b4 42. Kd4 b3 43. Kd3 b2 44. Kc4 Qe4+ 45. Kc5 b1=Q 46. Kd6 Qe6+ 47. Kc7 Qbb6#) 39. Kh3 b5 (39... Qxa2 40. Kg3 Qe2 41. Kf4 Qe4+ 42. Kg3 Qe3+ 43. Kh2 f4 44. Kh1 Qg3 45. Kg1 f3 46. Kf1 Qxg2+ 47. Ke1 Qe2#) (39... Qe3+ 40. Kh2 f4 41. Kh1 Qf2 42. a4 a5 43. Kh2 Qe1 44. g3 Qf2+ 45. Kh1 f3 46. g4 Qg2#) 40. a3 Qf4 (40... Qe3+ 41. Kh2 f4 42. Kh1 Qg3 43. a4 bxa4 44. Kg1 f3 45. Kf1 Qxg2+ 46. Ke1 Qe2#) 41. a4 bxa4 42. g4 Qxg4+ (42... fxg4+ 43. Kg2 a3 44. Kh1 Qd2 45. Kg1 a2 46. Kh1 a1=Q#) 43. Kh2 f4 (43... Qxh5+ 44. Kg2 Qe2+ 45. Kg3 g5 46. Kh3 g4+ 47. Kg3 Qd2 48. Kh4 Qh2#) 44. Kh1 f3 45. Kh2 Qg2#) 0-1

[Event "45th FIDE Olympiad 2024"]
[Site "Budapest"]
[Date "2024.09.14"]
[Round "4.81"]
[White "Enemchukwu Chinedu Benjamin"]
[Black "Hamperl, Fred"]
[Result "1-0"]
[ECO "B21"]
[WhiteElo "2001"]
[BlackElo "1977"]
[PlyCount "57"]
[EventDate "2024.09.05"]
[EventType "team-tourn"]
[EventCountry "HUN"]
[WhiteTeam "Saint Vincent and the Grenadines"]
[BlackTeam "Guernsey"]
[BlackTeamCountry "GCI"]
[TimeControl "40/5400+30:1800+30"]

1. e4 c5 2. d4 cxd4 3. c3 dxc3 4. Nxc3 Nc6 5. Nf3 e6 6. Bf4 Bb4 7. Bd3 d6 8. O-O Bxc3 9. bxc3 e5 10. Be3 Nf6 11. h3 h6 12. Nh2 Be6 13. c4 b6 14. f4 exf4 15. Bxf4 Ne5 16. Qe2 Qc7 17. Rac1 Rc8 18. c5 bxc5 19. Bb5+ Bd7 20. Nf3 O-O 21. Ba6 Rcd8 22. Nxe5 dxe5 23. Bxh6 Qc6 24. Bg5 Nxe4 25. Bxd8 Ng3 26. Qxe5 Nxf1 27. Be7 Re8 28. Bxf1 Be6 29. Qxc5 1-0

[Event "45th FIDE Olympiad 2024"]
[Site "Budapest"]
[Date "2024.09.14"]
[Round "4.82"]
[White "Demchenko, Anton"]
[Black "Khoroshev, Nikita"]
[Result "1-0"]
[ECO "C00"]
[WhiteElo "2597"]
[BlackElo "2355"]
[Annotator "TA"]
[PlyCount "111"]
[EventDate "2024.09.05"]
[EventType "team-tourn"]
[EventCountry "HUN"]
[SourceTitle "playchess.com"]
[Source "ChessBase"]
[SourceQuality "1"]
[WhiteTeam "Slovenia"]
[BlackTeam "Kyrgyzstan"]
[WhiteTeamCountry "SLO"]
[BlackTeamCountry "KGZ"]
[TimeControl "40/5400+30:1800+30"]

1. e4 e6 2. Nc3 d5 3. Nf3 Nc6 4. Bb5 Nf6 5. e5 Ne4 6. Qe2 {C00: French: Unusual White 2nd moves.} Nxc3 7. dxc3 Bd7 8. O-O $146 ({Predecessor:} 8. Bg5 Be7 9. h4 h6 10. Bf4 Na5 11. b4 Nc6 12. Bd3 a5 13. b5 Na7 14. Rh3 {1-0 Guseinov,G (2456)-Rajlich,I (2345) Budapest FS06 GM 2001 (5)}) 8... h6 9. Rd1 Ne7 10. Bd3 c5 11. c4 Qc7 12. cxd5 exd5 13. c4 O-O-O 14. b4 Be6 15. Bb2 Nc6 16. cxd5 Rxd5 17. b5 Na5 18. Rdc1 Be7 19. Qc2 Rhd8 20. Be4 R5d7 21. Bf5 Qb6 22. Bxe6 Qxe6 23. h3 (23. Qa4 $5 b6 $8 24. Re1 $11) 23... Kb8 24. Bc3 (24. Qa4 $5 b6 $8 25. Re1 $11) 24... Nc4 25. a4 Nb6 26. Ba5 Rd3 27. Qe2 c4 28. Rc2 Qd5 29. Re1 Rc8 30. e6 fxe6 (30... Nxa4 $2 31. exf7 Bf8 32. Qe8 $18) 31. Ne5 Bc5 (31... Rc7 $5) 32. Bxb6 ({Better is} 32. Ra2) 32... axb6 $11 33. Nxc4 Rd4 (33... Rf8 $11 34. Ne3 (34. Qxe6 $2 Qxe6 35. Rxe6 Bxf2+ 36. Rxf2 Rd1+ 37. Kh2 Rxf2 $19) 34... Bxe3 35. fxe3 Ka7) 34. Rec1 (34. Qxe6 $14 Qxe6 35. Rxe6) 34... Rf8 $15 35. Ne3 Qg5 36. Rc4 (36. a5 $5 Rdf4 37. Qd3 Rxf2 38. Rxc5 (38. Rxf2 $2 Qxe3 39. Qxe3 Bxe3 $19) 38... bxc5 39. Qd6+ Ka8 40. a6 Qxe3 41. axb7+ Kxb7 42. Qc6+ Kb8 43. Qd6+ Kb7 44. Qc6+ Ka7 45. Qa6+ Kb8 46. Qb6+ Ka8 47. Qc6+ Kb8 48. Qb6+ Ka8 49. Qc6+ Ka7 (49... Kb8 50. Qb6+ $11) 50. Qa6+ Kb8 51. Qd6+ (51. Qb6+ Ka8 $11) 51... Ka8 (51... Kb7 52. Qc6+ $11) 52. Qa6+ Kb8 $11) 36... e5 (36... Rdf4 {with more complications.} 37. Nd1 Ka7 38. R4c2 R8f5) 37. Rf1 (37. R1c2 $5) 37... Rdf4 38. Rxf4 (38. Qd3 $11 Rxc4 (38... Bxe3 39. Rxf4 Qxf4 40. Qxe3 $11) 39. Nxc4) 38... exf4 $15 39. Ng4 f3 $1 40. gxf3 (40. Qe5+ $1 $15 Qxe5 41. Nxe5 fxg2 42. Kxg2) 40... h5 ({Black should try} 40... Ka7 $1 $17 {Threatens to win with ...h5.} 41. Kh1 h5) 41. Qe5+ $11 Qxe5 42. Nxe5 Rf4 43. Rc1 Bd4 44. Nd7+ Ka7 45. Rd1 Bb2 46. Rd2 Ba1 47. Kg2 (47. Ra2 $5 Bc3 $8 48. Ra3 $15) 47... h4 (47... Rxa4 $11 48. f4 Bc3) 48. Rd3 ({Much weaker is} 48. Rd6 Rxa4 49. Nxb6 (49. Rxb6 $2 {loses.} Rd4 $19) 49... Ra5 $11) (48. Ra2 $14 Bc3 49. Rc2) 48... Bb2 $2 {[%mdl 8192] [#]} (48... Rxa4 $11 49. Nf8 Bf6) 49. Rb3 $1 $18 Bd4 {[#]} 50. Rb4 $1 g5 51. Rc4 Ka8 52. Kf1 Ka7 53. Ke2 Ka8 54. Kd3 Rxf3+ 55. Kxd4 Rf4+ 56. Ke3 1-0